 Dungeon Crawl Stone Soup version 0.23.2-40-g277498a (webtiles) character file.

Game seed: 743999230675851801

157 CrazyJ the Firebug (level 5, -6/40 HPs)
             Began as a Draconian Fire Elementalist on Sept 10, 2019.
             Killed from afar by a quokka (26 damage)
             ... with an exploding inner flame
             ... hexed by the player character
             ... on level 4 of the Dungeon.
             The game lasted 00:14:54 (3621 turns).

CrazyJ the Firebug (Draconian Fire Elementalist)    Turns: 3621, Time: 00:14:55

Health: -6/40      AC:  5    Str: 10    XL:     5   Next: 15%
Magic:  9/9        EV: 18    Int: 17    God:
Gold:   156        SH:  0    Dex: 16    Spells: 1/10 levels left

rFire    . . .     SeeInvis .   k - +0 spear
rCold    . . .     Gourm    .   (no shield)
rNeg     . . .     Faith    .   (armour unavailable)
rPois    .         Spirit   .   (helmet restricted)
rElec    .         Reflect  .   (no cloak)
rCorr    .         Harm     .   (no gloves)
MR       .....                  (no boots)
Stlth    +++.......             (no amulet)
HPRegen  0.13/turn              (no ring)
MPRegen  0.11/turn              (no ring)

@: agile, lethally poisoned (-6 -> -9), hasted, very quick
A: unfitting armour, cold-blooded, AC +5
a: no special abilities


You were on level 4 of the Dungeon.
You were not hungry.

You visited 1 branch of the dungeon, and saw 4 of its levels.

You collected 156 gold pieces.

Inventory:

Hand Weapons
 a - a +0 short sword
 c - a +0 club
 e - a +1 dagger of protection
 k - a +0 spear (weapon)
 r - a +0 hand axe of distortion
Missiles
 d - 23 bolts
 i - 47 arrows
 j - 38 stones (quivered)
Wands
 n - a wand of acid (9)
Scrolls
 h - a scroll of identify
 p - 3 scrolls of immolation
Potions
 g - 2 potions of degeneration
Comestibles
 b - 7 rations


   Skills:
 + Level 1.6 Fighting
 + Level 0.8 Polearms
 + Level 2.3 Dodging
 - Level 1.7 Stealth
 * Level 3.2 Spellcasting
 + Level 1.7 Conjurations
 * Level 4.0 Fire Magic


You had one spell level left.
You knew the following spells:

 Your Spells              Type           Power        Failure   Level  Hunger
a - Flame Tongue          Conj/Fire      ##...        5%          1    None
b - Throw Flame           Conj/Fire      ##....       8%          2    ##.....
c - Conjure Flame         Conj/Fire      ##......     16%         3    ###....
d - Inner Flame           Hex/Fire       #.......     22%         3    ###....

Your spell library contained the following spells:

 Spells                   Type           Power        Failure   Level  Hunger
 Sticky Flame             Conj/Fire      ##......     45%         4    ####...
 Fireball                 Conj/Fire      ##........   82%         5    ######.


Dungeon Overview and Level Annotations

Branches:
Dungeon (4/15)
 Temple: D:4-7

Altars:
Fedhas


Innate Abilities, Weirdness & Mutations

Your plain brown scales are hard. (AC +5)
You cannot fit into any form of body armour.
You are cold-blooded and may be slowed by cold attacks.


Message History

The frilled lizard bites you but does no damage.
It was a potion of heal wounds.
You feel much better. The quokka misses you. The adder barely misses you.
The gnoll closely misses you.
Okay, then.
You completely miss the frilled lizard. The frilled lizard barely misses you.
The quokka barely misses you. The adder closely misses you.
You hit the frilled lizard.
The frilled lizard explodes!
The fiery explosion engulfs you!
The fiery explosion engulfs the adder!
The adder explodes!
The fiery explosion engulfs the quokka!!
The quokka explodes!
The fiery explosion engulfs the gnoll!!!
The gnoll explodes!
The fiery explosion engulfs the gnoll!!!
The gnoll explodes!
Your Fire Magic skill increases to level 4!
The fiery explosion engulfs you!!
Ouch! That really hurt!
You die...

*,,,,,***** *,,<,,,,,,***
***,,,,****,,,************
#.,,**** ***,,,,**,,,,,,,
****#.##************,,,,******
*<,,,...,,,,,,,,,,,,,,,,,,*
****#,#..*************,,,,*
#.##.###### **,,,* #.>....§§@#
*,,,* #......§§§# **,,*
*#..$#..§§§# **,* **
*****....###§#######******,***,
##...#...............,,,,,,,,,,,
##..........##.#######***,,,,,,**
#...........h.g# **,,,***,,,,
#...........$..### **,,*** *****
#..........$.#...#***,,**


There were no monsters in sight!

Vanquished Creatures
  A worker ant (D:4)
  3 adders (D:2)
  3 gnolls (D:4)
  3 worms
  3 dart slugs
  3 leopard geckos
  An orc (D:2)
  4 bats
  4 giant cockroaches
  3 goblins
  8 hobgoblins
  7 jackals
  7 frilled lizards
  6 kobolds
  9 rats
65 creatures vanquished.

Vanquished Creatures (others)
  A kobold (D:1)
1 creature vanquished.

Grand Total: 66 creatures vanquished

Notes
Turn   | Place    | Note
-------+----------+-------------------------------------------
     0 | D:1      | CrazyJ the Draconian Fire Elementalist began the quest for
                  | the Orb.
     0 | D:1      | Reached XP level 1. HP: 14/14 MP: 3/3
   560 | D:1      | Reached XP level 2. HP: 22/22 MP: 5/5
  1457 | D:2      | Reached XP level 3. HP: 21/27 MP: 4/6
  1516 | D:2      | Learned a level 2 spell: Throw Flame
  1674 | D:2      | Reached skill level 1 in Fighting
  2063 | D:2      | Reached XP level 4. HP: 33/35 MP: 5/8
  2068 | D:2      | Learned a level 3 spell: Conjure Flame
  2305 | D:2      | Found a blossoming altar of Fedhas.
  3051 | D:3      | Learned a level 3 spell: Inner Flame
  3554 | D:4      | Reached XP level 5. HP: 30/40 MP: 4/9
  3621 | D:4      | Reached skill level 4 in Fire Magic
  3621 | D:4      | Killed from afar by a quokka

Skill      XL: |  1  2  3  4  5 |
---------------+----------------+-----
Fighting       | 1 |  1.6
Dodging        | 2 |  2.3
Spellcasting   | 3 |  3.2
Fire Magic     | 4 |  4.0
Polearms       | |  0.8
Stealth        | |  1.7
Conjurations   | |  1.7

Action                   |  1- 3 |  4- 6 || total
-------------------------+-------+-------++-------
Melee: Unarmed           |    20 |       ||    20
       Club              |    14 |       ||    14
       Dagger            |    97 |       ||    97
       Tailslap          |    10 |     8 ||    18
       Spear             |    30 |   134 ||   164
 Cast: Flame Tongue      |     9 |    10 ||    19
       Throw Flame       |     2 |       ||     2
  Use: Scroll            |       |     4 ||     4
       Potion            |       |     3 ||     3
 Stab: Sleeping          |     3 |     2 ||     5
  Eat: Chunk             |     4 |     5 ||     9
Armor: Skin              |    44 |    60 ||   104
Dodge: Dodged            |   114 |   132 ||   246
